 Dungeon Crawl Stone Soup version 0.29.1-1-gd02db6906a (webtiles) character file.

Game seed: 6667040039744145840

54 hikkokomori the Trooper (level 3, -2/24 HPs)
             Began as a Gargoyle Fighter on Oct 6, 2022.
             Slain by a goblin
             ... wielding a +0 dagger
             ... led by Robin
              (5 damage)
             ... on level 2 of the Dungeon.
             The game lasted 00:01:27 (1329 turns).

hikkokomori the Trooper (Gargoyle Fighter)          Turns: 1329, Time: 00:01:28

Health: -2/24      AC: 10    Str: 19    XL:     3   Next: 91%
Magic:  3/3        EV:  9    Int: 10    God:
Gold:   106        SH:  4    Dex:  9    Spells: 2/2 levels left

rFire   . . .      SeeInvis .   a - +0 flail
rCold   . . .      Faith    .   c - +0 buckler
rNeg    + . .      Spirit   .   b - +0 scale mail
rPois   ∞          Reflect  .   (no helmet)
rElec   +          Harm     .   (no cloak)
rCorr   .          Rampage  .   (no gloves)
Will    .....                   (no boots)
Stlth   ..........              (no amulet)
HPRegen 0.08/turn               (no ring)
MPRegen 0.08/turn               (no ring)

@: mighty
A: sickness immunity, AC +3, negative energy resistance 1, electricity
resistance, torment resistance 1, petrification resistance
a: no special abilities


You were on level 2 of the Dungeon.
You visited 1 branch of the dungeon, and saw 2 of its levels.

You collected 106 gold pieces.

Inventory:

Hand Weapons
 a - a +0 flail (weapon)
Armour
 b - a +0 scale mail (worn)
 c - a +0 buckler (worn)
Potions
 e - a potion of magic


   Skills:
 + Level 4.3 Fighting
 - Level 2.0 Maces & Flails
 - Level 3.2 Armour
 + Level 4.3 Shields


You had 2 spell levels left.
You didn't know any spells.
Your spell library contained the following spells:

 Spells                   Type           Power      Damage    Failure   Level
 Freeze                   Ice            0%         1d3       82%         1
 Dazzling Flash           Conj/Hex       0%         N/A       99%         3
 Frozen Ramparts          Ice            0%         1d1       99%         3
 Hailstorm                Conj/Ice       0%         3d3       100%        4
 Iskenderun's Mystic Bla  Conj/Tloc      0%         2d3       100%        4
 Starburst                Conj/Fire      0%         6d3       100%        6


Dungeon Overview and Level Annotations

Branches:
Dungeon (2/15)

Altars:

Annotations:
D:2 Robin


Innate Abilities, Weirdness & Mutations

You are immune to sickness and miasma.
Your stone body is resilient. (AC +3)
You are immune to poison.
You resist negative energy. (rN+)
You are resistant to electric shocks. (rElec)
You are resistant to unholy torment.
You are immune to petrification.


Message History

The goblin closely misses you. The goblin hits you but does no damage.
The goblin misses you. The goblin hits you with a +0 club. x2
The goblin barely misses you. The goblin hits you but does no damage.
You block the goblin's attack.
It was a potion of curing.
You feel better. The goblin hits you but does no damage. The goblin misses you.
The goblin hits you but does no damage. x2
You feel very mighty all of a sudden. The goblin hits you but does no damage.
The goblin barely misses you. The goblin closely misses you.
The goblin hits you but does no damage.
You closely miss the goblin. The goblin hits you but does no damage.
The goblin hits you with a +0 club. You block the goblin's attack.
The goblin hits you but does no damage.
Unknown command.
You closely miss the goblin. The goblin barely misses you.
The goblin hits you but does no damage. x3
Unknown command.
You closely miss the goblin.
The goblin no longer looks unusually strong. x2
Robin throws the goblin at you! The goblin hits you but does no damage.
You block the goblin's attack.
A goblin comes into view. It is wielding a +0 dagger.
The goblin hits you with a +0 club. The goblin hits you with a +0 dagger.
* * * LOW HITPOINT WARNING * * *
The goblin hits you with a +0 dagger.
* * * LOW HITPOINT WARNING * * *
The goblin hits you but does no damage. The goblin hits you with a +0 club.
* * * LOW HITPOINT WARNING * * *
The goblin closely misses you. x2; The goblin hits you but does no damage.
The goblin shouts!
You sock the goblin!
You kill the goblin!
The goblin hits you but does no damage. The goblin barely misses you.
Robin roars a battlecry!
The goblins go into a battle-frenzy!
Unknown command.
You sock the goblin!
You kill the goblin!
The goblin hits you with a +0 dagger.
You die...

#.#..#.# ...
#.##.#.####....
#.##...........
#.#####..##....
#.............. #
..........#..... .##
#.#.#.#.#.#.####+# ..# #
...........####g#...#$#
.#.#.#.#.#....)@g#......
............###ggS.....#
......###...# #gg......#
####.........#g.).....#
#######...#........#
..............
###.##g.##..!# #+##...
.... ..### ..#


You could see Robin, an adder, a hobgoblin (strong) and 6 goblins.

Vanquished Creatures
  An adder (D:2)
  3 dart slugs (D:1)
  2 endoplasms (D:1)
  3 giant cockroaches
  10 goblins
  3 jackals (D:1)
  2 quokkas (D:1)
  5 ball pythons (D:1)
  2 bats
  6 rats (D:1)
37 creatures vanquished.

Notes
Turn   | Place    | Note
-------+----------+-------------------------------------------
     0 | D:1      | hikkokomori the Gargoyle Fighter began the quest for the
                  | Orb.
     0 | D:1      | Reached XP level 1. HP: 14/14 MP: 1/1
   183 | D:1      | Reached XP level 2. HP: 19/19 MP: 2/2
   269 | D:1      | Found a faded altar of an unknown god.
   475 | D:1      | Reached XP level 3. HP: 22/24 MP: 3/3
  1315 | D:2      | Noticed Robin
  1329 | D:2      | Slain by a goblin

Illustrated notes

Levels and vault maps discovered:
D:1:      dpeg_arrival_central, layout_loops_ring,
          shapermc_ecumenical_altar_mp_vishouse, minivault_14
D:2:      layout_basic, basic_altar, minmay_misc_feat_pillars, uniq_robin,
          uniq_natasha

Skill      XL: |  1  2  3 |
---------------+----------+-----
Fighting       | 4 |  4.3
Shields        | 4 |  4.3
Maces & Flails | |  2.0
Armour         | |  3.2

Action                   || total
-------------------------++-------
Melee: Flail             ||   124
  Use: Potion            ||     2
       Scroll            ||     1
Armor: Scale mail        ||   102
Dodge: Dodged            ||    91
Block: Buckler           ||    36
